 Dungeon Crawl Stone Soup version 0.22.0-27-ga576289 (webtiles) character file.

93 leisz the Chopper (level 4, -2/41 HPs)
             Began as a Minotaur Berserker on Aug 21, 2018.
             Was a Believer of Trog.
             Slain by a gnoll
             ... wielding a +0 halberd
              (11 damage)
             ... on level 3 of the Dungeon.
             The game lasted 00:19:28 (1930 turns).

leisz the Chopper (Minotaur Berserker)              Turns: 1930, Time: 00:19:29

Health: -2/41      AC:  5    Str: 22    XL:     4   Next: 37%
Magic:  3/3        EV: 12    Int:  4    God:    Trog [**....]
Gold:   124        SH:  0    Dex: 10    Spells: 3/3 levels left

rFire    . . .     SeeInvis .   a - +0 hand axe
rCold    . . .     Gourm    .   (no shield)
rNeg     . . .     Faith    .   l - +0 ring mail
rPois    .         Spirit   .   (helmet restricted)
rElec    .         Reflect  .   (no cloak)
rCorr    .         Harm     .   (no gloves)
MR       ++...                  (no boots)
Stlth    ..........             i - amulet of the acrobat
HPRegen  1.13/turn              (no ring)
MPRegen  0.08/turn              (no ring)

@: regenerating
A: retaliatory headbutt, horns 2
a: Berserk, Trog's Hand, Renounce Religion


You were on level 3 of the Dungeon.
You worshipped Trog.
Trog was pleased with you.
You were hungry.

You visited 1 branch of the dungeon, and saw 3 of its levels.

You collected 124 gold pieces.

Inventory:

Hand Weapons
 a - a +0 hand axe (weapon)
 e - a +0 hand axe
Missiles
 d - 46 arrows
 h - 81 stones (quivered)
Armour
 b - a +0 animal skin
 f - a +0 leather armour
 l - a +0 ring mail (worn)
Jewellery
 i - an amulet of the acrobat (around neck)
 u - a +1 ring of evasion {unknown}
Scrolls
 j - 5 scrolls of identify {unknown}
 m - 6 scrolls of teleportation {unknown}
 n - a scroll of amnesia {unknown}
 p - a scroll of fear {unknown}
 t - a scroll of blinking {unknown}
Potions
 g - a potion of might {unknown}
 o - a potion of flight {unknown}
 q - a potion of haste {unknown}
 r - a potion of curing {unknown}
 s - a potion of lignification {unknown}
Comestibles
 c - 3 rations
 k - 5 chunks of flesh


   Skills:
 + Level 4.4 Fighting
 + Level 4.4 Axes
 + Level 3.4 Armour
 + Level 3.3 Dodging


You had 3 spell levels left.
You didn't know any spells.
Your spell library was empty.

Dungeon Overview and Level Annotations

Branches:
Dungeon (3/15)

Altars:


Innate Abilities, Weirdness & Mutations

You reflexively headbutt those who attack you in melee.
You have a pair of horns on your head.


Message History

You hit the gnoll.
You kill the gnoll!
Trog accepts your kill.
You see here a flail.
The gnoll completely misses you.
Found 8 gold pieces.
Found a stone staircase leading up.
You see here a club.
You hit the gnoll but do no damage. The gnoll closely misses you.
You hit the gnoll but do no damage. Your headbutt misses the gnoll.
The gnoll hits you with a halberd!
You hit the gnoll.
The gnoll is heavily wounded.
The gnoll hits you with a halberd!
* * * LOW HITPOINT WARNING * * *
You don't know any spells.
Your skin crawls.
You feel resistant to hostile enchantments.
You are feeling hungry.
The gnoll hits you with a halberd!
You die...

..# #.# #.# #.#
#.# # ####.##.#
#.<.g..$# #. #@#
#. #.##)# ...
#.##.# #.# #.##.#
#.# #.##.#
#.##### #.##.#
#.....# #.##.#
#..##.# #.##.# #
#..##.######.##.#
#


You could see a gnoll.

Vanquished Creatures
  2 gnolls (D:3)
  An adder (D:2)
  2 worms (D:3)
  3 dart slugs
  3 giant cockroaches
  5 goblins
  4 hobgoblins
  10 jackals
  2 quokkas
  6 bats
  6 kobolds
  6 rats (D:1)
50 creatures vanquished.

Notes
Turn   | Place    | Note
-------+----------+-------------------------------------------
     0 | D:1      | leisz the Minotaur Berserker began the quest for the Orb.
     0 | D:1      | Reached XP level 1. HP: 19/19 MP: 0/0
   146 | D:1      | Reached XP level 2. HP: 15/27 MP: 1/1
   863 | D:1      | Reached ** piety under Trog
   911 | D:1      | Reached XP level 3. HP: 33/33 MP: 2/2
  1774 | D:3      | Reached XP level 4. HP: 40/40 MP: 3/3
  1930 | D:3      | Slain by a gnoll

Skill      XL: |  1  2  3 |
---------------+----------+-----
Fighting       | 4 |  4.4
Axes           | 4 |  4.4
Armour         | 3 |  3.4
Dodging        | 3 |  3.3

Action                   |  1- 3 |  4- 6 || total
-------------------------+-------+-------++-------
Melee: Hand axe          |    79 |    14 ||    93
       Headbutt          |    14 |     3 ||    17
Invok: Trog's Hand       |       |     1 ||     1
  Eat: Chunk             |     3 |       ||     3
Armor: Animal skin       |     1 |       ||     1
       Ring mail         |    14 |       ||    14
Dodge: Dodged            |    64 |    10 ||    74
